 Dungeon Sprint DCSS version 0.26-a0-83-g7ccd015ce0 (webtiles) character file.

Game seed: 13074647653749540985

10233 Conn the Devastator (level 11, -14/63 HPs)
             Began as a Deep Elf Conjurer on June 16, 2020.
             Was a High Priest of Sif Muna.
             Killed from afar by a hellion (27 damage)
             ... with damnation
             ... summoned by an ancient lich
             ... in the Dungeon (Sprint V: "Ziggurat Sprint").
             The game lasted 00:50:06 (1567 turns).

Conn the Devastator (Deep Elf Conjurer)             Turns: 1567, Time: 00:50:07

Health: -14/63     AC:  9    Str:  6    XL:     11   Next: 33%
Magic:  0/38       EV: 16    Int: 41    God:    Sif Muna [*****.]
Gold:   0          SH:  8    Dex: 15    Spells: 5/41 levels left

rFire    + . .     SeeInvis .   G - +6 Majin-Bo {vamp, Archmagi MP+6 Int+6}
rCold    + + .     Gourm    .   (shield currently unavailable)
rNeg     . . .     Faith    .   Z - +3 leather armour {rC+}
rPois    +         Spirit   +   z - +2 hat {MR+}
rElec    +         Reflect  .   Y - scarf {repulsion}
rCorr    +         Harm     .   (no gloves)
MR       ++...     NoTele   +   V - +0 pair of boots {Stlth+}
Stlth    +++++.....             N - brooch of Shielding {Spirit SH+8}
HPRegen  0.20/turn              A - +6 ring of intelligence
MPRegen  0.26/turn              B - +6 ring of intelligence

@: resistant, very slightly contaminated, hasted, lightly drained, repel
missiles, very quick
A: no striking features
a: Channel Magic, Forget Spell, Divine Exegesis, Renounce Religion


You were in the Dungeon.
You worshipped Sif Muna.
Sif Muna was extremely pleased with you.
You were hungry.

You visited 1 branch

Inventory:

Hand Weapons
 x - the +5 hunting sling of Sujae {venom, rPois rF+ rN+ Int+3}
   (You found it in the Dungeon)

   It poisons the ammo it fires.
   It affects your intelligence (+3).
   It protects you from fire.
   It protects you from poison.
   It protects you from negative energy.
 E - the +8 lance "Wyrmbane" {slay drac, rPois rF+ rC+ AC+3}
   (You found it in the Dungeon)

   It affects your AC (+3).
   It protects you from fire.
   It protects you from cold.
   It protects you from poison.
 F - the +9 sword of Zonguldrok {reap}
   (You found it in the Dungeon)

   If a monster killed with it leaves a corpse in good enough shape, the corpse
   will be animated as a zombie friendly to the killer.
 G - the +6 Majin-Bo (weapon) {vamp, Archmagi MP+6 Int+6}
   (You found it in the Dungeon)

   It inflicts no extra harm, but heals its wielder when it wounds a living foe.
   It affects your intelligence (+6).
   It affects your magic capacity (+6).
 K - the +12 Vampire's Tooth {vamp}
   (You found it in the Dungeon)

   It inflicts no extra harm, but heals its wielder when it wounds a living foe.
 U - the +10 dire flail of Sozoagh {holy, rN+}
   (You found it in the Dungeon)

   It has been blessed by the Shining One to cause great damage to the undead
   and demons.
   It protects you from negative energy.
Armour
 z - a +2 hat of magic resistance (worn)
 H - the +18 shield of the Gong {rElec rN+ MR+ EV-5}
   (You found it in the Dungeon)

   It affects your evasion (-5).
   It insulates you from electricity.
   It protects you from negative energy.
   It affects your resistance to hostile enchantments.
 I - a +3 buckler
 J - +5 shadow dragon scales
 O - a +2 helmet of see invisible
 V - a +0 pair of boots of stealth (worn)
 Y - a scarf of repulsion (worn)
 Z - a +3 leather armour of cold resistance (worn)
Magical Staves
 L - an uncursed staff of earth
 M - an uncursed staff of air
 W - an uncursed staff of conjuration
 X - an uncursed staff of wizardry
Jewellery
 A - a +6 ring of intelligence (left hand)
 B - a +6 ring of intelligence (right hand)
 C - an uncursed ring of resist corrosion
 D - a +6 ring of strength
 N - the brooch of Shielding (around neck) {Spirit SH+8}
   (You found it in the Dungeon)

   [amulet of guardian spirit]

   It causes incoming damage to be split between your health and magic.
   It affects your SH (+8).
 R - an uncursed ring of poison resistance
 S - a +4 ring of protection
 T - an uncursed amulet of magic regeneration
Wands
 u - a wand of disintegration (7)
 v - a wand of iceblast (5)
 w - a wand of acid (5)
Scrolls
 i - 3 scrolls of blinking
 o - 2 scrolls of amnesia
 p - 7 scrolls of fog
 r - 5 scrolls of identify
 s - 5 scrolls of remove curse
 t - a scroll of fear
Potions
 b - 2 potions of brilliance
 d - 10 potions of curing
 e - 7 potions of heal wounds
 f - 2 potions of haste
 g - 4 potions of magic
 h - 2 potions of berserk rage
 j - a potion of invisibility
 k - 3 potions of resistance
 l - a potion of experience
 m - 5 potions of stabbing
 n - 5 potions of might
Miscellaneous
 P - 2 boxes of beasts
 Q - a phial of floods
Comestibles
 c - 7 rations
 q - 16 chunks of flesh


   Skills:
 * Level 5.1(4.7) Fighting
 - Level 5.0(4.7) Polearms
 + Level 0.5(3.8) Staves
 * Level 3.7(3.3) Armour
 + Level 7.8(7.4) Dodging
 - Level 8.5(8.1) Stealth
 * Level 5.8(5.4) Shields
 * Level 15.6(15.2) Spellcasting
 + Level 17.1(16.7) Conjurations
   Level 5.7(5.4) Hexes
 - Level 7.0(6.6) Summonings
 + Level 1.4(1.1) Translocations
 * Level 8.0(7.6) Earth Magic
 + Level 0.8(0.5) Poison Magic
 - Level 6.5(6.1) Invocations
 + Level 3.1(2.7) Evocations


You had 5 spell levels left.
You knew the following spells:

 Your Spells              Type           Power        Failure   Level  Hunger
a - Magic Dart            Conj           ####         0%          1    None
b - Searing Ray           Conj           ######       0%          2    None
c - Fireball              Conj/Fire      #######...   1%          5    None
d - Iskenderun's Mystic   Conj/Tloc      ########     1%          4    None
e - Lee's Rapid Deconstr  Erth           #######...   1%          5    None
f - Call Imp              Summ           #######.     1%          2    None
g - Blink                 Tloc           N/A          1%          2    None
h - Mephitic Cloud        Conj/Pois/Air  #######.     1%          3    None
j - Spellforged Servitor  Conj/Summ      ########..   11%         7    ###....
k - Iskenderun's Battles  Conj/Chrm      #######.     1%          5    None

Your spell library contained the following spells:

 Spells                   Type           Power        Failure   Level  Hunger
 Apportation              Tloc           ######       1%          1    None
 Corona                   Hex            #######      1%          1    None
 Freeze                   Ice            ####         1%          1    None
 Ensorcelled Hibernation  Hex/Ice        ######       1%          2    None
 Passwall                 Tmut/Erth      #######.     1%          2    None
 Poisonous Vapours        Pois/Air       #####.       1%          2    None
 Shroud of Golubria       Chrm/Tloc      ######       1%          2    None
 Confusing Touch          Hex            #######.     1%          3    None
 Conjure Flame            Conj/Fire      #######.     1%          3    None
 Dazzling Flash           Conj/Hex       ######       1%          3    None
 Tukima's Dance           Hex            #######.     1%          3    None
 Fulminant Prism          Conj/Hex       ########..   1%          4    None
 Bolt of Magma            Conj/Fire/Erth #######...   1%          5    None
 Swiftness                Chrm/Air       #####...     2%          2    None
 Gell's Gravitas          Tloc           ######....   2%          3    None
 Lesser Beckoning         Tloc           ######....   2%          3    None
 Teleport Other           Tloc           ######..     2%          3    None
 Summon Ice Beast         Ice/Summ       ######..     3%          4    None
 Summon Mana Viper        Hex/Summ       #######.     3%          5    None
 Passage of Golubria      Tloc           N/A          9%          4    None
 Ice Form                 Ice/Tmut       #####...     14%         4    None
 Iron Shot                Conj/Erth      ########..   1%          6    None
 Orb of Destruction       Conj           ########..   1%          7    ###....
 Conjure Ball Lightning   Conj/Air       #######...   8%          6    None
 Freezing Cloud           Conj/Ice/Air   #######...   22%         6    None
 Darkness                 Hex            #######...   24%         6    None
 Invisibility             Hex            #######.     24%         6    None
 Summon Greater Demon     Summ           #######...   63%         7    ###....
 Dispersal                Tloc           ######....   80%         6    None
 Ring of Flames           Chrm/Fire      #####.....   100%        7    ###....
 Controlled Blink         Tloc           N/A          100%        8    #####..
 Dragon's Call            Summ           #######...   100%        9    ######.


Dungeon Overview and Level Annotations

Branches:
Dungeon (1/1)

Altars:
Ashenzari
Cheibriados
Dithmenos
Elyvilon
Fedhas
Gozag
Hepliaklqana
Kikubaaqudgha
Makhleb
Nemelex Xobeh
Okawaru
Qazlal
Ru
Sif Muna
Trog
Uskayaw
Vehumet
Wu Jian
Xom
Yredelemnul
Zin
The Shining One
Beogh
Jiyva
Lugonu

Annotations:
D 1 transporter


Message History

Your spellforged servitor is almost destroyed.
The fireball engulfs the hellion!
The hellion is almost dead.
The fireball engulfs the Hell Sentinel.
The Hell Sentinel completely resists.
The Hell Sentinel is moderately wounded.
Unholy energy fills the air.
* * * LOW HITPOINT WARNING * * *
Casting: Fireball (dangerous; 1% risk of failure)
Confirm with . or Enter, or press ? or * to list all spells.
Okay, then.
Unknown command.
Evoke which item? (* to show all) (? for menu, Esc to quit)
Okay, then.
Blink to where?
Press: ? - help, Dir - move target cursor
As you read the scroll of blinking, it crumbles to dust.
Your spellforged servitor hums quietly as it recharges.
The hellion gestures at you.
The sphere of damnation explodes!
The damnation engulfs you!!
You die...

▓..)[:))..▓....|....▓
▓..})||[..▓..[))))..▓
▓...§.....▓.........▓
▓..2)1....▓....).)..▓
▓.........▓.........▓
▓...8.....▓...).....▓
▓...)..†..▓.........▓
▓....)....▓....©....▓
▓....©...@▓▓▓▓▓▓▓▓▓▓▓
▓▓▓▓▓▓▓▓▓▓▓


You could see a Hell Sentinel (summoned), a hellion (summoned) and a friendly
spellforged servitor (summoned).

Vanquished Creatures
  A vampire knight (D)
  A red draconian (D)
  3 vault guards (D)
  A centaur warrior (D)
  A skeletal warrior (D)
  A necromancer (D)
  An ugly thing (D)
  A shining eye (D)
  5 draconians (D)
  An eye of devastation (D)
  A freezing wraith (D)
  A hornet (D)
  A slime creature (D)
  A yak (D)
  A large abomination (D)
  2 hell hounds (D)
  2 orc warriors (D)
  A necrophage (D)
  A bullfrog (D)
  A wight (D)
  3 crimson imps (D)
  An orc priest (D)
  2 orc wizards (D)
  2 adders (D)
  4 shadow imps (D)
  2 oozes (D)
  2 ufetubi (D)
  An adder zombie (D)
  An adder skeleton (D)
  3 orcs (D)
  A ball python (D)
  A bat skeleton (D)
  3 jackals (D)
  A ball python skeleton (D)
  A leopard gecko skeleton (D)
56 creatures vanquished.

Vanquished Creatures (collateral kills)
  2 draconians (D)
  A slime creature (D)
  A shadow (D)
  An orc (D)
5 creatures vanquished.

Vanquished Creatures (others)
  An adder skeleton (D)
  16 fulminant prisms (D)
17 creatures vanquished.

Grand Total: 78 creatures vanquished

Notes
Turn   | Place    | Note
-------+----------+-------------------------------------------
     0 | D        | Conn the Deep Elf Conjurer began the quest for the Orb.
     0 | D        | Reached XP level 1. HP: 10/10 MP: 6/6
     0 | D        | Found a shimmering blue altar of Sif Muna.
     0 | D        | Found a sacrificial altar of Ru.
     0 | D        | Found a bloodstained altar of Trog.
     0 | D        | Found a stormy altar of Qazlal.
     0 | D        | Found an iron altar of Okawaru.
     0 | D        | Found a sparkling altar of Nemelex Xobeh.
     0 | D        | Found a blossoming altar of Fedhas.
     1 | D        | Found the +6 Majin-Bo {vamp, Archmagi MP+6 Int+6}
     1 | D        | Found the +7 great mace "Firestarter" {inner flame, rF++}
     2 | D        | Found a transporter.
     2 | D        | Found an ancient bone altar of Kikubaaqudgha.
     2 | D        | Found a viscous altar of Jiyva.
     2 | D        | Found a corrupted altar of Lugonu.
     2 | D        | Found a hazy altar of Hepliaklqana.
     2 | D        | Found a burning altar of Makhleb.
     2 | D        | Found an opulent altar of Gozag.
    19 | D        | Found the +6 shillelagh "Devastator" {shatter}
    19 | D        | Found the +11 plutonium sword {*Contam Stlth-}
    19 | D        | Found the +8 lance "Wyrmbane" {slay drac, rPois rF+ rC+
                  | AC+3}
    19 | D        | Found the +9 sword of Zonguldrok {reap}
    19 | D        | Found the cursed +13 scythe of Curses {drain, *Curse}
    19 | D        | Found the +0 sword of Power
    19 | D        | Found the +7 mace of Variability {chain chaos}
    19 | D        | Found the +7 Singing Sword {vorpal, sonic wave}
    19 | D        | Found the +8 storm bow {elec, penet}
    20 | D        | Found the +9 heavy crossbow "Sniper" {vorpal, Acc+∞ SInv}
    20 | D        | Found the +10 dark maul {vorpal}
    20 | D        | Found the +15 Maxwell's patent armour {-Cast -Tele rElec
                  | MR+ rCorr}
    20 | D        | Found the +18 shield of the Gong {rElec rN+ MR+ EV-5}
    20 | D        | Found the cursed +14 obsidian axe {vorpal, +Fly SInv
                  | *Curse}
    80 | D        | Became a worshipper of Sif Muna the Loreminder
    96 | D        | Entered arena 2.
    96 | D        | Noticed a hell hound
    96 | D        | Found a transporter.
    97 | D        | Found the +12 Vampire's Tooth {vamp}
   101 | D        | Reached skill level 5 in Conjurations
   107 | D        | Killed a hell hound
   107 | D        | Reached * piety under Sif Muna
   107 | D        | Reached skill level 1 in Polearms
   107 | D        | Reached skill level 9 in Conjurations
   107 | D        | Reached XP level 2. HP: 3/15 MP: 7/9
   107 | D        | Reached XP level 3. HP: 4/19 MP: 7/10
   107 | D        | Reached XP level 4. HP: 6/24 MP: 8/12
   375 | D        | Learned a level 2 spell: Searing Ray
   380 | D        | Learned a level 4 spell: Fulminant Prism
   385 | D        | Learned a level 4 spell: Iskenderun's Mystic Blast
   387 | D        | Entered arena 3.
   387 | D        | Found a transporter.
   388 | D        | Found the brooch of Shielding {Spirit SH+8}
   420 | D        | Entered arena 4.
   420 | D        | Found a transporter.
   421 | D        | Reached ** piety under Sif Muna
   422 | D        | Reached XP level 5. HP: 28/28 MP: 9/14
   424 | D        | Reached skill level 5 in Spellcasting
   424 | D        | Reached skill level 10 in Conjurations
   427 | D        | Reached *** piety under Sif Muna
   517 | D        | Entered arena 5.
   517 | D        | Noticed a large abomination
   517 | D        | Found a transporter.
   523 | D        | Killed a large abomination
   523 | D        | Reached skill level 5 in Dodging
   523 | D        | Reached skill level 11 in Conjurations
   523 | D        | Reached XP level 6. HP: 33/33 MP: 5/18
   525 | D        | Reached **** piety under Sif Muna
   525 | D        | Reached skill level 5 in Stealth
   525 | D        | Reached skill level 12 in Conjurations
   656 | D        | Entered arena 6.
   656 | D        | Noticed a yak
   656 | D        | Found a transporter.
   661 | D        | Killed a yak
   661 | D        | Reached skill level 1 in Fighting
   661 | D        | Reached skill level 13 in Conjurations
   661 | D        | Reached XP level 7. HP: 38/38 MP: 13/21
   714 | D        | Entered arena 7.
   714 | D        | Noticed an eye of devastation
   714 | D        | Noticed a shining eye
   714 | D        | Noticed a slime creature
   714 | D        | Noticed a slime creature
   717 | D        | Reached ***** piety under Sif Muna
   717 | D        | Received a gift from Sif Muna
   720 | D        | Killed a slime creature
   720 | D        | Reached skill level 1 in Hexes
   722 | D        | Killed a slime creature
   722 | D        | Reached skill level 10 in Spellcasting
   722 | D        | Reached skill level 14 in Conjurations
   726 | D        | Killed an eye of devastation
   726 | D        | Reached XP level 8. HP: 36/43 MP: 15/24
   726 | D        | Killed a shining eye
   726 | D        | Reached skill level 15 in Conjurations
   727 | D        | Found a transporter.
   736 | D        | Learned a level 5 spell: Lee's Rapid Deconstruction
   744 | D        | Got the +5 hunting sling of Sujae {venom, rPois rF+ rN+
                  | Int+3}
   774 | D        | Entered arena 8.
   778 | D        | Identified Sonesesy's Tome of Creation (Sif Muna gifted it
                  | to you in the Dungeon)
   778 | D        | Received a gift from Sif Muna
   790 | D        | Learned a level 2 spell: Call Imp
   790 | D        | Found a transporter.
   908 | D        | Entered arena 9.
   908 | D        | Noticed a centaur warrior
   908 | D        | Noticed a hornet
   908 | D        | Noticed a vault guard
   908 | D        | Noticed a white ugly thing
   908 | D        | Noticed a vault guard
   908 | D        | Noticed a freezing wraith
   908 | D        | Noticed a vault guard
   918 | D        | Killed a freezing wraith
   918 | D        | Reached skill level 1 in Shields
   918 | D        | Reached skill level 1 in Summonings
   918 | D        | Reached skill level 1 in Earth Magic
   918 | D        | Reached skill level 1 in Invocations
   918 | D        | Reached XP level 9. HP: 48/48 MP: 22/26
   925 | D        | Killed a vault guard
   925 | D        | Reached skill level 1 in Evocations
   930 | D        | Killed a centaur warrior
   930 | D        | Reached skill level 16 in Conjurations
   936 | D        | Killed a white ugly thing
   936 | D        | Reached XP level 10. HP: 39/53 MP: 2/29
   936 | D        | Killed a vault guard
   936 | D        | Received a gift from Sif Muna
   936 | D        | Reached skill level 5 in Summonings
   936 | D        | Reached skill level 5 in Earth Magic
   936 | D        | Reached skill level 5 in Invocations
   936 | D        | Killed a vault guard
   936 | D        | Reached skill level 5 in Polearms
   940 | D        | Found a transporter.
  1072 | D        | Learned a level 2 spell: Blink
  1076 | D        | Learned a level 3 spell: Mephitic Cloud
  1081 | D        | Learned a level 4 spell: Summon Ice Beast
  1089 | D        | Learned a level 7 spell: Spellforged Servitor
  1122 | D        | Entered arena 10.
  1122 | D        | Noticed a draconian
  1122 | D        | Noticed a red draconian
  1122 | D        | Noticed a draconian
  1122 | D        | Noticed a draconian
  1122 | D        | Noticed a draconian
  1122 | D        | Noticed a draconian
  1122 | D        | Noticed a draconian
  1122 | D        | Noticed a draconian
  1130 | D        | Killed a draconian
  1130 | D        | Killed a draconian
  1130 | D        | Reached skill level 1 in Armour
  1130 | D        | Reached skill level 5 in Hexes
  1130 | D        | Killed a red draconian
  1130 | D        | Reached skill level 1 in Translocations
  1134 | D        | Killed a draconian
  1135 | D        | Killed a draconian
  1141 | D        | Killed a draconian
  1141 | D        | Reached skill level 5 in Shields
  1142 | D        | Killed a draconian
  1142 | D        | Reached XP level 11. HP: 26/61 MP: 2/31
  1143 | D        | Found a transporter.
  1157 | D        | Identified Sif Muna's Collected Works on the Hurtful
                  | Volcanoes (Sif Muna gifted it to you in the Dungeon)
  1157 | D        | Received a gift from Sif Muna
  1174 | D        | Got the +10 dire flail of Sozoagh {holy, rN+}
  1176 | D        | Got the Collected Works on Displaced Cold
  1433 | D        | Learned a level 5 spell: Iskenderun's Battlesphere
  1441 | D        | Learned a level 5 spell: Fireball
  1442 | D        | Entered arena 11.
  1443 | D        | Identified the +10 arbalest "Tuuvemul" {elec, *Slow MR+++
                  | SInv Stlth+}
  1448 | D        | Found a transporter.
  1539 | D        | Entered arena 12.
  1539 | D        | Noticed an ancient lich
  1539 | D        | Noticed a vampire knight
  1539 | D        | Noticed a skeletal warrior
  1539 | D        | Noticed a necromancer
  1539 | D        | Noticed a vampire knight
  1541 | D        | Noticed a Hell Sentinel
  1548 | D        | Received a gift from Sif Muna
  1551 | D        | Killed a vampire knight
  1551 | D        | Reached skill level 15 in Spellcasting
  1551 | D        | Reached skill level 17 in Conjurations
  1551 | D        | Killed a necromancer
  1552 | D        | Killed a skeletal warrior
  1552 | D        | Reached skill level 5 in Fighting
  1555 | D        | Found a transporter.
  1567 | D        | Killed from afar by a hellion

Illustrated notes

Levels and vault maps discovered:
D:        sprint_v [room_start, room_1, room_2, room_3, room_4, room_5, room_6,
          room_7, room_8, room_9, room_10, room_11, room_12, room_13, room_14,
          room_15, room_16, room_17, room_18, room_19, room_20, room_21,
          room_22, room_23, room_24, room_25, room_26, room_27]

Skill      XL: |  1  2  3  4  5  6  7  8  9 10 11 |
---------------+----------------------------------+-----
Conjurations   | 9 11 13 14 15 16 17 | 17.1
Polearms       | 1 2 3 4 5 |  5.0
Dodging        | 4 5 6 7 |  7.8
Stealth        | 3 4 5 6 7 8 |  8.5
Spellcasting   | 4 7 8 10 11 13 14 15 | 15.6
Fighting       | 1 2 4 5 |  5.1
Hexes          | 2 3 4 5 |  5.7
Shields        | 1 3 5 |  5.8
Summonings     | 1 4 6 7 |  7.0
Earth Magic    | 1 4 7 8 |  8.0
Invocations    | 1 4 6 |  6.5
Evocations     | 1 2 3 |  3.1
Armour         | 2 3 |  3.7
Translocations | 1 |  1.4
Staves         | |  0.5
Poison Magic   | |  0.8

Action                   |  1- 3 |  4- 6 |  7- 9 | 10-12 || total
-------------------------+-------+-------+-------+-------++-------
Melee: Lance             |     7 |       |     4 |       ||    11
       Quarterstaff      |       |       |       |     2 ||     2
 Cast: Searing Ray       |       |     8 |     5 |     7 ||    20
       Fulminant Prism   |       |     3 |    10 |     3 ||    16
       Iskenderun's Myst |       |       |     8 |     3 ||    11
       Magic Dart        |       |       |     2 |     2 ||     4
       Mephitic Cloud    |       |       |       |     2 ||     2
       Spellforged Servi |       |       |       |     3 ||     3
       Summon Ice Beast  |       |       |       |     1 ||     1
       Fireball          |       |       |       |     6 ||     6
       Blink             |       |       |       |     1 ||     1
       Iskenderun's Batt |       |       |       |     1 ||     1
Invok: Channel Magic     |       |       |       |     2 ||     2
Evoke: Box of beasts     |       |       |     2 |     1 ||     3
       Wand              |       |       |     1 |     3 ||     4
       Phial of floods   |       |       |     1 |       ||     1
  Use: Potion            |     2 |       |     4 |     7 ||    13
       Scroll            |       |       |     2 |     3 ||     5
 Stab: Distracted        |       |       |     1 |       ||     1
  Eat: Chunk             |       |       |       |     2 ||     2
Armor: Leather armour    |       |       |       |     1 ||     1
Dodge: Dodged            |     4 |     3 |     4 |     9 ||    20
Block: Buckler           |       |       |     8 |       ||     8
       Other             |       |       |       |     6 ||     6

Table legend:
 A = Non-vault XP
 B = Vault XP
 C = Vault XP percentage of total XP
 D = Non-vault monster count
 E = Vault monster count
 F = Vault count percentage of total count
                 A         B        C        D         E       F
            +---------+---------+-------+---------+---------+-------
      Total |       0 |   14619 | 100.0 |       0 |      61 | 100.0
            +---------+---------+-------+---------+---------+-------
          D |       0 |   14619 | 100.0 |       0 |      61 | 100.0
            +---------+---------+-------+---------+---------+-------
